AoeStats
← kleomu

Arabia

506991520Analyzed
1v1 RM · 17d ago on Sep 16, 2026· 48m 49s· 2 players
Game mode
Random Map
Map size
Tiny (2 player)
Population
200
Speed
Normal
Resources
Standard
Victory
Conquest
Starting age
Dark Age
Ending age
Imperial Age
RankedLock teamsTeams togetherTeam positionsShared explorationLock speedFull tech treeHidden civsTurbo modeCheats
Victory
Defeat
🇦🇷 Japanese · Argentina
1401
+19
🇹🇷 Jurchens · Türkiye
1462
-19
BTJ | Dr Colageno
6:03 Loom
8:36 Feudal Age
8:56 Man-at-Arms
10:43 Double-Bit Axe
20:54 Castle Age
19:12 Fletching
20:01 Gold Mining
19:52 Horse Collar
20:40 Scale Barding Armor
20:53 Bloodlines
21:50 Scale Barding Armor
23:09 Bow Saw
28:39 Town Watch
29:31 Wheelbarrow
30:46 Chain Barding Armor
30:37 Forging
31:34 Husbandry
33:06 Devotion
33:41 Heavy Plow
33:59 Fletching
34:09 Padded Archer Armor
34:34 Stone Mining
34:52 Crossbowman
35:27 Bodkin Arrow
37:45 Ballistics
40:10 Imperial Age
38:33 Gold Shaft Mining
39:39 Leather Archer Armor
41:02 Bracer
41:56 Arbalester
43:46 Thumb Ring
48:02 Chemistry
47:21 Scale Mail Armor
47:56 Iron Casting
kleomu
8:49 Loom
10:51 Feudal Age
18:39 Castle Age
23:03 Double-Bit Axe
27:14 Town Watch
28:19 Ballistics
36:23 Siege Engineers
40:45 Padded Archer Armor
42:12 Wheelbarrow
44:12 Imperial Age
42:38 Fortified Bastions
43:21 Masonry
43:48 Leather Archer Armor
46:10 Ring Archer Armor
47:37 Thunderclap Bombs
Connection lost

Rejoining the realm…

Still unreachable

The connection could not be restored.

Session expired

The server has moved on; the page needs a fresh start.